Map: Molten Temple

Players

Loken - Winner!

  • Race: Zerg Zerg
  • League: Platinum
  • Spawn Location: 9:00

dallaskuken - Winner!

  • Race: Protoss Protoss
  • League: Platinum
  • Spawn Location: 9:00

TimeTwist - Winner!

  • Race: Zerg Zerg
  • Spawn Location: 9:00

Badsky

  • Race: Zerg Zerg
  • Spawn Location: 3:00

SKV

  • Race: Zerg Zerg
  • Spawn Location: 3:00

MADMAX

  • Race: Protoss Protoss
  • League: Platinum
  • Spawn Location: 3:00

VOD

Have the link to the VOD?

Description

Time

  • Played on: March 22, 2017, 4:06 a.m.
  • Length: 12:47
Show
View Real Time Build Order
Export as new Build Order

Loken Zerg - Winner!

Build Orders: Hatch First 

Get SALT Encoding   

  12  0:01  Drone  
  13  0:13  Overlord  
  13  0:18  Drone  
  14  0:33  Drone x2  
  14  0:35  Drone  
  17  0:58  Hatchery  
  17  1:00  Drone  
  17  1:11  Spawning Pool  
  17  1:14  Drone  
  17  1:19  Extractor  
  17  1:20  Drone  
  17  1:25  Drone  
  18  1:37  Drone  
  19  1:41  Drone  
  20  1:55  Drone  
  21  2:02  Overlord  
  21  2:14  Queen  
  23  2:22  Hatchery  
  22  2:23  Queen  
  22  2:29  Metabolic Boost  
  24  2:34  Drone  
  24  2:36  Drone  
  26  2:43  Drone x2  
  28  2:46  Drone  
  29  3:03  Overlord x2  
  29  3:07  Zergling x4  
  29  3:08  Zergling x2  
  32  3:14  Lair  
  32  3:25  Zergling x4  
  34  3:38  Extractor  
  34  3:39  Drone x7  
  34  3:40  Drone  
  41  4:05  Drone x3  
  41  4:09  Queen  
  44  4:16  Drone x10  
  56  4:28  Overlord  
  56  4:29  Overlord  
  56  4:42  Extractor  
  56  4:43  Extractor, Overlord  
  56  4:44  Overlord  
  54  4:46  Drone  
  54  4:47  Drone x6  
  61  5:02  Spire  
  60  5:26  Drone  
  60  5:27  Drone x7  
  68  5:34  Extractor  
  67  5:37  Overlord x4, Extractor  
  66  5:48  Queen  
  68  5:50  Hatchery  
  67  6:13  Mutalisk  
  67  6:16  Spore Crawler  
  68  6:19  Spore Crawler x2  
  68  6:21  Spore Crawler  
  68  6:23  Spore Crawler  
  68  6:24  Spore Crawler  
  63  6:25  Mutalisk  
  63  6:26  Mutalisk x10, Spore Crawler  
  84  6:34  Spore Crawler  
  84  6:35  Zerg Flyer Weapons Level 1, Spore Crawler  
  82  6:41  Zergling x2  
  82  6:42  Zergling x14  
  84  7:17  Drone  
  84  7:18  Drone x10  
  90  7:54  Mutalisk  
  90  7:55  Mutalisk x10  
  90  7:56  Mutalisk  
  106  7:59  Overlord  
  106  8:00  Overlord x3  
  106  8:17  Overlord x2  
  106  8:18  Overlord x2  
  106  8:29  Zerg Flyer Armor Level 1  
  104  8:45  Mutalisk  
  104  8:46  Mutalisk x5  
  116  9:07  Mutalisk x3  
  122  9:13  Queen  
  98  10:14  Mutalisk  
  98  10:15  Mutalisk x9  
  98  10:19  Overlord  
  98  10:20  Overlord  
  98  10:21  Overlord x5  
  118  10:34  Infestation Pit  
  117  10:39  Evolution Chamber  
  117  10:40  Zergling x2  
  117  10:41  Evolution Chamber, Zergling x20  
  117  10:42  Zergling x30  
  141  10:43  Zergling x22  
  144  11:51  Zergling x2  
  144  11:52  Zergling x28  
  144  11:53  Zergling x10  
Show
View Real Time Build Order
Export as new Build Order

dallaskuken Protoss - Winner!

Build Orders: Double Forge, Forge Fast Expand (FFE) 

Get SALT Encoding   

  12  0:02  Probe (Chrono Boost)  
  13  0:16  Probe (Chrono Boost)  
  14  0:24  Pylon  
  14  0:27  Probe (Chrono Boost)  
  15  0:42  Probe (Chrono Boost)  
  16  0:45  Forge  
  16  0:52  Probe (Chrono Boost)  
  17  1:03  Probe (Chrono Boost)  
  18  1:13  Probe (Chrono Boost)  
  18  1:14  Pylon  
  19  1:26  Nexus  
  19  1:38  Gateway  
  19  1:42  Probe (Chrono Boost)  
  20  1:52  Probe (Chrono Boost)  
  21  1:55  Photon Cannon  
  21  2:12  Forge  
  21  2:19  Pylon  
  21  2:23  Photon Cannon  
  21  2:25  Photon Cannon  
  21  2:31  Probe (Chrono Boost)  
  22  2:42  Probe (Chrono Boost)  
  22  2:43  Probe (Chrono Boost)  
  24  2:52  Probe (Chrono Boost)  
  24  2:54  Probe (Chrono Boost)  
  26  2:59  Pylon  
  26  3:04  Probe (Chrono Boost)  
  27  3:10  Photon Cannon  
  27  3:12  Zealot  
  29  3:15  Probe (Chrono Boost)  
  30  3:22  Cybernetics Core  
  30  3:25  Probe (Chrono Boost)  
  31  3:36  Photon Cannon, Probe (Chrono Boost)  
  32  3:46  Probe (Chrono Boost)  
  33  3:57  Assimilator, Probe (Chrono Boost)  
  33  4:00  Assimilator  
  34  4:05  Assimilator, Probe (Chrono Boost)  
  34  4:07  Probe (Chrono Boost)  
  34  4:08  Zealot  
  38  4:11  Assimilator  
  38  4:16  Probe (Chrono Boost)  
  39  4:18  Probe (Chrono Boost)  
  40  4:26  Probe (Chrono Boost)  
  40  4:28  Probe (Chrono Boost)  
  42  4:39  Probe (Chrono Boost)  
  42  4:42  Probe (Chrono Boost)  
  44  4:50  Pylon  
  44  4:52  Probe (Chrono Boost)  
  45  5:01  Probe (Chrono Boost)  
  45  5:03  Probe (Chrono Boost)  
  45  5:04  Stargate  
  45  5:06  Sentry  
  49  5:12  Probe (Chrono Boost)  
  49  5:13  Probe (Chrono Boost)  
  51  5:19  Nexus  
  51  5:23  Pylon, Probe (Chrono Boost)  
  51  5:25  Pylon  
  51  5:26  Mothership Core (Chrono Boost)  
  51  5:27  Pylon  
  54  5:32  Stargate  
  54  5:33  Probe (Chrono Boost)  
  55  5:38  Stargate  
  55  5:44  Assimilator, Probe (Chrono Boost)  
  55  5:48  Assimilator  
  55  5:49  Void Ray  
  60  5:54  Probe (Chrono Boost)  
  61  5:57  Stalker  
  63  6:13  Phoenix  
  65  6:18  Phoenix  
  67  6:31  Phoenix  
  69  6:36  Stalker  
  69  6:38  Phoenix  
  71  6:41  Phoenix  
  75  7:12  Pylon, Probe (Chrono Boost)  
  75  7:14  Pylon  
  77  7:23  Probe (Chrono Boost)  
  77  7:33  Probe (Chrono Boost)  
  77  7:35  Phoenix x2  
  78  7:39  Phoenix  
  78  7:44  Probe (Chrono Boost)  
  85  7:51  Fleet Beacon  
  85  7:54  Probe (Chrono Boost)  
  85  7:57  Phoenix  
  86  8:02  Protoss Air Weapons Level 1  
  88  8:07  Probe (Chrono Boost)  
  89  8:18  Probe (Chrono Boost)  
  90  8:28  Probe (Chrono Boost)  
  90  8:30  Phoenix  
  90  8:31  Carrier  
  93  8:35  Pylon  
  93  8:36  Pylon  
  93  8:38  Pylon  
  93  8:39  Probe (Chrono Boost)  
  100  8:45  Phoenix  
  108  8:49  Probe (Chrono Boost)  
  109  8:56  Carrier  
  115  9:15  Pylon  
  109  9:21  Pylon  
  93  9:27  Carrier  
  95  9:48  Carrier  
  95  9:54  Protoss Air Weapons Level 2  
  101  10:11  Carrier  
  101  10:19  Pylon  
  101  10:28  Stargate  
  107  10:50  Carrier  
  113  11:03  Carrier  
  119  11:19  Carrier  
Show
View Real Time Build Order
Export as new Build Order

TimeTwist Zerg - Winner!

Build Orders: Hatch First 

Get SALT Encoding   

  12  0:02  Drone  
  13  0:13  Overlord  
  13  0:17  Drone  
  14  0:31  Drone x2  
  14  0:35  Drone  
  17  0:46  Drone  
  18  0:57  Hatchery  
  17  1:11  Spawning Pool  
  16  1:13  Drone  
  16  1:16  Drone  
  18  1:25  Drone  
  19  1:31  Drone  
  20  1:39  Overlord  
  20  1:58  Queen  
  22  2:02  Drone  
  22  2:03  Drone  
  24  2:14  Queen  
  24  2:15  Hatchery  
  25  2:18  Drone  
  26  2:26  Extractor  
  26  2:27  Drone x3  
  28  2:32  Overlord  
  27  2:59  Zergling x4  
  27  3:00  Zergling x6  
  32  3:10  Drone  
  33  3:13  Spine Crawler  
  33  3:16  Spine Crawler  
  32  3:20  Drone x4  
  32  3:21  Overlord  
  35  3:30  Drone x2  
  37  3:35  Drone x4  
  41  3:43  Metabolic Boost  
  41  3:54  Queen  
  43  3:56  Overlord  
  43  3:58  Overlord  
  43  4:00  Drone x2  
  43  4:01  Drone  
  46  4:09  Drone x4  
  50  4:17  Drone  
  50  4:18  Drone x4  
  55  4:29  Drone x6  
  61  4:45  Extractor  
  61  4:50  Extractor  
  61  4:51  Extractor  
  58  4:56  Lair  
  58  5:08  Hatchery  
  57  5:31  Drone x3  
  57  5:32  Drone  
  57  5:34  Drone x5  
  57  5:35  Drone x3  
  69  5:36  Overlord x2  
  69  5:37  Overlord  
  63  6:04  Spore Crawler  
  63  6:07  Queen  
  63  6:09  Spore Crawler  
  49  6:17  Spire  
  38  6:27  Hydralisk Den  
  37  6:44  Drone x3  
  40  7:05  Drone x5  
  40  7:08  Drone x2  
  47  7:11  Muscular Augments  
  47  7:18  Hydralisk x6  
  47  7:19  Hydralisk x6  
  66  8:02  Corruptor x3  
  66  8:03  Corruptor x4  
  80  8:14  Drone, Extractor  
  80  8:16  Extractor  
  80  8:18  Drone  
  80  8:20  Overlord x2  
  80  8:21  Overlord  
  80  8:58  Spawning Pool  
  80  9:00  Overlord  
  80  9:01  Overlord  
  80  9:02  Drone  
  80  9:22  Drone  
  80  9:23  Drone x2  
  83  9:25  Drone  
  83  9:26  Drone x4  
  88  9:38  Overlord x4  
  88  9:42  Drone x3  
  91  9:56  Drone  
  91  9:57  Roach Warren  
  91  10:00  Hydralisk  
  91  10:01  Hydralisk x7  
  91  10:02  Hydralisk  
  109  10:08  Queen  
  109  10:09  Queen  
  109  10:12  Hydralisk  
  109  10:13  Hydralisk x5  
  125  10:16  Drone x2  
  125  10:17  Drone  
  128  10:24  Overseer x2  
  128  10:25  Overseer  
  128  10:26  Overseer  
  128  10:39  Overlord x3  
  128  11:10  Hydralisk x4  
  128  11:11  Hydralisk x8  
  152  11:42  Overlord x4  
  132  12:12  Hydralisk  
  132  12:13  Hydralisk x6  
  132  12:14  Hydralisk x7  
Show
View Real Time Build Order
Export as new Build Order

Badsky Zerg 

Build Orders: Hatch First 

Get SALT Encoding   

  12  0:01  Drone  
  13  0:12  Overlord  
  13  0:17  Drone  
  14  0:30  Drone  
  14  0:31  Drone  
  16  0:50  Hatchery, Drone  
  16  0:54  Drone  
  17  1:02  Drone  
  18  1:10  Extractor  
  17  1:16  Spawning Pool  
  17  1:17  Drone  
  17  1:21  Drone  
  18  1:28  Drone  
  19  1:43  Drone  
  20  1:50  Drone  
  21  2:00  Drone  
  22  2:04  Queen, Drone  
  22  2:05  Queen  
  27  2:11  Overlord  
  27  2:18  Extractor  
  27  2:20  Drone  
  27  2:24  Drone  
  28  2:32  Drone  
  28  2:34  Drone  
  30  2:37  Drone  
  31  2:44  Roach Warren  
  31  2:50  Drone  
  32  2:59  Drone, Lair  
  32  3:01  Drone x2  
  32  3:05  Extractor  
  34  3:06  Extractor  
  34  3:10  Drone  
  34  3:17  Overlord  
  34  3:20  Drone x2  
  36  3:32  Overlord  
  36  3:37  Drone x5  
  41  3:44  Drone  
  42  3:51  Drone x3  
  42  3:52  Drone x4  
  49  3:58  Spire  
  49  3:59  Drone  
  49  4:52  Overlord  
  49  4:53  Overlord x2  
  49  5:06  Hatchery  
  48  5:08  Extractor  
  48  5:09  Extractor  
  48  5:13  Mutalisk x8  
  48  5:14  Mutalisk x4  
  70  5:43  Mutalisk x3  
  76  6:08  Overlord  
  76  6:09  Overlord x4  
  76  6:28  Mutalisk x5  
  84  6:56  Corruptor x3  
  86  7:03  Zerg Flyer Weapons Level 1, Queen  
  86  7:05  Drone x3  
  86  7:06  Drone x3  
  94  7:10  Overlord x3  
  94  7:33  Corruptor x2  
  94  7:34  Corruptor  
  100  7:59  Mutalisk x5  
  100  8:04  Overlord x4  
  110  8:41  Mutalisk x6  
  122  8:55  Baneling Nest  
  107  9:29  Corruptor x7  
  107  9:30  Corruptor  
  57  9:53  Zergling x4  
  57  9:54  Zergling x16  
  57  9:55  Zergling x6  
  62  10:08  Zergling x6  
  47  10:44  Zergling x12  
  47  10:45  Zergling x10  
Show
View Real Time Build Order
Export as new Build Order

SKV Zerg 

Build Orders: Hatch First 

Get SALT Encoding   

  12  0:24  Drone  
  12  0:25  Drone  
  12  0:28  Overlord  
  14  1:05  Hatchery  
  14  1:10  Drone x2  
  14  1:11  Spawning Pool, Drone  
  15  1:18  Extractor  
  14  1:43  Drone x3  
  17  1:48  Extractor  
  16  1:54  Overlord  
  16  2:00  Queen  
  18  2:22  Queen  
  18  2:25  Zergling x2  
  18  2:26  Zergling x4  
  23  2:33  Metabolic Boost  
  23  3:12  Zergling x12  
  26  3:48  Lair  
  26  3:53  Drone x4  
  26  3:54  Drone x4  
  34  4:18  Hatchery  
  33  4:27  Overlord  
  33  4:28  Overlord  
  33  5:04  Drone x3  
  36  5:19  Zergling x16  
  36  5:20  Zergling x6  
  47  5:28  Spine Crawler  
  46  5:30  Spine Crawler  
  46  5:34  Spine Crawler  
  44  5:46  Baneling Nest  
  43  5:56  Queen  
  45  5:57  Drone x2  
  47  6:21  Drone x2  
  47  6:22  Drone  
  50  6:29  Centrifical Hooks  
  50  7:02  Drone  
  50  7:03  Drone x6  
  50  7:08  Extractor  
  56  7:13  Extractor  
  55  7:19  Spore Crawler  
  54  7:26  Spore Crawler  
  54  7:28  Drone x4  
  57  7:41  Drone  
  58  7:45  Overlord x3  
  58  7:47  Overlord  
  58  7:48  Overlord x4  
  58  8:00  Baneling x3  
  58  8:01  Baneling x7  
  58  8:02  Baneling x4  
  58  8:35  Spore Crawler  
  58  8:39  Drone x3  
  60  8:41  Drone x2  
  60  8:42  Drone  
  60  8:44  Zergling x2  
  60  8:45  Zergling x14  
  60  8:46  Zergling x6  
  74  8:57  Evolution Chamber  
  74  8:59  Evolution Chamber  
  72  9:03  Drone x4  
  72  9:04  Drone x3  
  79  9:39  Hydralisk Den  
  78  9:54  Spore Crawler  
  78  9:59  Drone x2  
  80  10:00  Drone x7, Spore Crawler  
  80  10:01  Drone x3  
  80  10:02  Spore Crawler  
  87  10:08  Muscular Augments  
  87  10:22  Spore Crawler  
  87  10:23  Spore Crawler  
  87  10:25  Zerg Missile Weapons Level 1, Spore Crawler  
  87  10:26  Zerg Ground Armor Level 1  
  84  10:51  Hatchery  
  83  11:09  Hatchery  
  82  11:20  Overlord x2  
  82  11:21  Overlord x4  
  82  11:29  Hydralisk x6  
  82  11:30  Hydralisk x4  
  82  11:32  Hydralisk  
  97  12:04  Baneling x5  
  97  12:05  Baneling x6  
  97  12:06  Baneling x7  
  97  12:07  Baneling x2  
  97  12:08  Drone  
Show
View Real Time Build Order
Export as new Build Order

MADMAX Protoss 

Build Orders: Carrier Rush 

Get SALT Encoding   

  12  0:20  Probe (Chrono Boost)  
  13  0:26  Pylon  
  13  0:28  Assimilator  
  13  0:32  Assimilator, Probe (Chrono Boost)  
  14  0:42  Probe (Chrono Boost)  
  15  0:53  Probe (Chrono Boost)  
  15  0:55  Gateway  
  16  1:03  Probe (Chrono Boost)  
  17  1:08  Pylon  
  17  1:14  Probe (Chrono Boost)  
  18  1:24  Probe (Chrono Boost)  
  19  1:35  Probe (Chrono Boost)  
  20  1:45  Cybernetics Core, Probe (Chrono Boost)  
  21  1:54  Pylon  
  21  1:56  Probe (Chrono Boost)  
  22  2:23  Stargate  
  22  2:30  Pylon  
  22  2:33  Mothership Core (Chrono Boost)  
  24  3:09  Fleet Beacon  
  24  3:19  Pylon  
  24  3:50  Probe (Chrono Boost)  
  31  3:58  Forge  
  31  4:03  Nexus  
  31  4:15  Graviton Catapult  
  31  4:22  Carrier  
  38  4:40  Probe (Chrono Boost)  
  38  4:52  Probe (Chrono Boost)  
  39  4:54  Pylon  
  39  4:56  Assimilator  
  39  5:01  Assimilator  
  39  5:04  Probe (Chrono Boost)  
  40  5:15  Stargate  
  40  5:16  Probe (Chrono Boost)  
  40  5:19  Probe (Chrono Boost)  
  43  5:28  Probe (Chrono Boost)  
  43  5:29  Probe (Chrono Boost)  
  43  5:34  Cybernetics Core  
  44  5:40  Probe x2 (Chrono Boost)  
  46  5:50  Probe (Chrono Boost)  
  46  5:52  Probe (Chrono Boost)  
  48  5:59  Carrier  
  48  6:01  Probe (Chrono Boost)  
  50  6:05  Probe (Chrono Boost)  
  57  6:11  Probe (Chrono Boost)  
  57  6:17  Probe (Chrono Boost)  
  58  6:18  Carrier  
  58  6:22  Probe (Chrono Boost)  
  65  6:43  Probe (Chrono Boost)  
  65  6:47  Pylon  
  67  6:55  Probe (Chrono Boost)  
  67  6:57  Protoss Air Weapons Level 1  
  67  6:59  Protoss Air Armor Level 1  
  67  7:04  Protoss Shields Level 1  
  67  7:07  Probe (Chrono Boost)  
  68  7:13  Stargate  
  68  7:15  Pylon  
  68  7:18  Pylon  
  68  7:19  Probe (Chrono Boost)  
  69  7:23  Carrier  
  69  7:32  Probe (Chrono Boost)  
  75  7:44  Probe (Chrono Boost)  
  70  7:59  Carrier  
  70  8:02  Probe (Chrono Boost)  
  78  8:14  Probe (Chrono Boost)  
  78  8:26  Probe (Chrono Boost)  
  79  8:33  Carrier  
  85  8:38  Probe (Chrono Boost)  
  86  8:42  Nexus  
  86  8:49  Pylon  
  86  8:50  Probe (Chrono Boost)  
  86  8:51  Pylon  
  86  8:54  Assimilator  
  87  8:58  Assimilator  
  87  9:02  Probe (Chrono Boost)  
  88  9:14  Probe (Chrono Boost)  
  89  9:18  Protoss Air Weapons Level 2, Protoss Air Armor Level 2  
  89  9:25  Twilight Council  
  89  9:38  Probe (Chrono Boost)  
  90  9:39  Carrier  
  90  9:50  Probe (Chrono Boost)  
  97  9:58  Carrier  
  97  10:02  Probe (Chrono Boost)  
  97  10:14  Probe (Chrono Boost)  
  91  10:26  Probe (Chrono Boost)  
Tags
 
Add a new tag
Caveats
  • Supply blocks, unpowered buildings, or Contaminate may cause inaccurate times.
  • Supply counts are checked every 10 seconds.